 Yiufcrawl Soup (a DCSS fork) version 1.5.2b1-yiuf-19-g91104ff (webtiles) character file.

129 Fisto the Magician (level 4, -10/27 HPs)
             Began as a High Elf Wizard on Nov 13, 2017.
             Was an Initiate of Makhleb.
             Killed by divine providence
             ... invoked by an orc priest
              (16 damage)
             ... on level 4 of the Dungeon.
             The game lasted 00:12:57 (3360 turns).

Fisto the Magician (High Elf Wizard)                Turns: 3360, Time: 00:12:58

Health: -10/27     AC:  2    Str:  6    XL:     4   Next: 88%
Magic:  7/12       EV: 13    Int: 23    God:    Makhleb [......]
Gold:   171        SH:  0    Dex: 13    Spells: 13/14 levels left

rFire    . . .     SeeInvis .   h - +2 short sword (venom)
rCold    . . .     Gourm    .   (no shield)
rNeg     . . .     Faith    .   a - +0 robe
rPois    .         Spirit   .   b - +0 hat
rElec    .         Reflect  .   (no cloak)
rCorr    .         Harm     .   (no gloves)
MR       .....                  (no boots)
Stlth    ++........             (no amulet)
Regen    0.1/turn               (no ring)
MPRegen  0.2/turn               (no ring)

@: lethally poisoned (-10 -> -22)
A: keen senses
a: Renounce Religion


You were on level 4 of the Dungeon.
You worshipped Makhleb.
Makhleb was noncommittal.
You were not hungry.

You visited 1 branch of the dungeon, and saw 4 of its levels.

You collected 171 gold pieces.

Inventory:

Hand Weapons
 h - a +2 short sword of venom (weapon)
Armour
 a - a +0 robe (worn)
 b - a +0 hat (worn)
Scrolls
 d - a scroll of fear {unknown}
 e - 2 scrolls of identify {unknown}
 g - a scroll of blinking {unknown}
 i - 3 scrolls of teleportation {unknown}
 k - a scroll of remove curse {unknown}
Potions
 f - 2 potions of heal wounds {unknown}
 j - a potion of invisibility {unknown}
Comestibles
 c - 2 bread rations


   Skills:
 + Level 0.4 Fighting
 + Level 0.2 Short Blades
   Level 0.1 Maces & Flails
 + Level 2.8 Dodging
 - Level 2.5 Stealth
 + Level 5.5 Spellcasting
 + Level 2.1 Conjurations
   Level 0.8 Summonings
   Level 1.1 Translocations


You had 13 spell levels left.
You knew the following spells:

 Your Spells              Type           Power        Failure   Level  Hunger
a - Magic Dart            Conj           16 (25)      4%          1    None


Dungeon Overview and Level Annotations

Branches:
Dungeon (4/15)
 Temple: D:4

Altars:
Makhleb
Sif Muna


Message History

The orc priest calls down the wrath of Beogh upon you.
Pain shoots through your body!
Casting: Magic Dart
Confirm with . or Enter, or press ? or * to list all spells.
Aiming: Magic Dart
Press: ? - help, Shift-Dir - straight line, f/p - orc priest
Aim: an orc priest, wielding a flail and wearing a leather armour (heavily wounded)
The magic dart hits the orc priest.
The orc priest is heavily wounded.
The scorpion barely misses you.
You open the door. The orc priest barely misses you. The scorpion stings you.
* * * LOW HITPOINT WARNING * * *
You are lethally poisoned!
The scorpion poisons you!
* * * LOW HITPOINT WARNING * * *
You feel sick.
The orc priest mumbles some strange prayers to Beogh against you.
Beogh smites you!
Ouch! That really hurt!
You die...

# .# ##.....##
#. .#
##.......## ..
##.
#.........#
#.###..
+.........+
...)#
#.......[.#
#.)# #.......#
#<# ####s....#
#.# #...o....#
#.###.####@#.#
#.#.##.####.#
#.###........#
## #.##.###..#
#.# #........
## ###.....
.###. #.# ..


You could see a scorpion and an orc priest.

Vanquished Creatures
  Terence (D:3)
  2 adders
  An ooze (D:2)
  4 worms
  2 dart slugs (D:1)
  2 leopard geckos
  3 orcs
  3 ball pythons
  3 giant cockroaches (D:1)
  11 goblins
  9 hobgoblins
  7 kobolds
  A quokka (D:2)
  2 bats (D:2)
  3 frilled lizards
  7 rats
61 creatures vanquished.

Notes
Turn   | Place    | Note
-------+----------+-------------------------------------------
     0 | D:1      | Fisto the High Elf Wizard began the quest for the Orb.
     0 | D:1      | Reached XP level 1. HP: 11/11 MP: 6/6
   251 | D:1      | Reached skill level 4 in Spellcasting
   305 | D:1      | Reached XP level 2. HP: 17/17 MP: 5/8
  1012 | D:1      | Reached XP level 3. HP: 21/21 MP: 7/10
  2002 | D:2      | Reached XP level 4. HP: 27/27 MP: 8/11
  2138 | D:2      | Found a burning altar of Makhleb.
  2146 | D:2      | Reached skill level 5 in Spellcasting
  2264 | D:2      | Became a worshipper of Makhleb the Destroyer
  2312 | D:2      | Found a deep blue altar of Sif Muna.
  2381 | D:3      | Noticed Terence
  2484 | D:3      | Killed Terence
  3360 | D:4      | Killed from afar by an orc priest

Skill      XL: |  1  2  3  4 |
---------------+-------------+-----
Spellcasting   | 4 5 |  5.5
Conjurations   | 2 |  2.1
Fighting       | |  0.4
Short Blades   | |  0.2
Maces & Flails | |  0.1
Dodging        | |  2.8
Stealth        | |  2.5
Summonings     | |  0.8
Translocations | |  1.1

Action                   |  1- 3 |  4- 6 || total
-------------------------+-------+-------++-------
Melee: Club              |    36 |       ||    36
       Unarmed           |     2 |       ||     2
       Short sword       |     5 |    13 ||    18
 Cast: Magic Dart        |    84 |    54 ||   138
  Eat: Chunk             |     2 |     3 ||     5
Armor: Robe              |    17 |     2 ||    19
Dodge: Dodged            |    35 |    10 ||    45
